AoeStats
← schmeno

Arabia

506763284Analyzed
1v1 RM · 19d ago on Sep 15, 2026· 23m 55s· 2 players
Game mode
Random Map
Map size
Tiny (2 player)
Population
200
Speed
Normal
Resources
Standard
Victory
Conquest
Starting age
Dark Age
Ending age
Imperial Age
RankedLock teamsTeams togetherTeam positionsShared explorationLock speedFull tech treeHidden civsTurbo modeCheats
Victory
Defeat
🇫🇷 Japanese · France
1203
+16
🇺🇸 Saracens · United States
1212
-16
Cryptomage
7:19 Loom
9:45 Feudal Age
9:46 Man-at-Arms
11:46 Arson
13:40 Scale Mail Armor
17:53 Horse Collar
18:27 Fletching
23:49 Castle Age
schmeno
7:07 Loom
9:39 Feudal Age
17:30 Double-Bit Axe
18:57 Scale Barding Armor
Connection lost

Rejoining the realm…

Still unreachable

The connection could not be restored.

Session expired

The server has moved on; the page needs a fresh start.